 Dungeon Crawl Stone Soup version 0.29-a0-384-g6960b1960d (webtiles) character file.

Game seed: 4278461685365952491

103 zishaf the Skirmisher (level 5, 0/41 HPs)
             Began as a Human Wanderer on May 6, 2022.
             Was a Believer of Fedhas.
             Slain by a phantom (3 damage)
             ... on level 3 of the Dungeon.
             The game lasted 00:03:25 (2268 turns).

zishaf the Skirmisher (Human Wanderer)              Turns: 2268, Time: 00:03:26

Health: 0/41       AC:  3    Str: 14    XL:     5   Next: 6%
Magic:  6/6        EV: 11    Int: 11    God:    Fedhas [**....]
Gold:   75         SH:  0    Dex: 14    Spells: 4/4 levels left

rFire   . . .      SeeInvis .   a - +3 hunting sling
rCold   . . .      Faith    .   (no shield)
rNeg    . . .      Spirit   .   d - +0 leather armour
rPois   .          Reflect  .   (no helmet)
rElec   .          Harm     .   h - scarf {+Inv}
rCorr   .          Rampage  .   (no gloves)
Will    .....                   (no boots)
Stlth   +.........              r - amulet of the acrobat
HPRegen 0.13/turn               i - ring of flight
MPRegen 0.10/turn               (no ring)

@: flying
A: no striking features
a: Renounce Religion, Evoke Invisibility, Wall of Briars


You were on level 3 of the Dungeon.
You worshipped Fedhas.
Fedhas was pleased with you.
You visited 1 branch of the dungeon, and saw 3 of its levels.

You collected 75 gold pieces.

Inventory:

Hand Weapons
 a - a +3 hunting sling (weapon)
 b - a +0 quarterstaff
Armour
 d - a +0 leather armour (worn)
 h - a scarf of invisibility (worn)
 q - a +0 plate armour of cold resistance
Jewellery
 i - a ring of flight (left hand)
 r - an amulet of the acrobat (around neck)
Scrolls
 c - a scroll of fear
 e - a scroll of teleportation {unknown}
 k - 3 scrolls of identify {unknown}
 l - 2 scrolls of amnesia {unknown}
 s - a scroll of enchant weapon {unknown}
Potions
 f - 2 potions of magic {unknown}
 g - 3 potions of curing {unknown}
 j - 3 potions of flight {unknown}
 m - a potion of mutation {unknown}
 n - a potion of cancellation {unknown}
 o - a potion of brilliance {unknown}
 p - a potion of might {unknown}


   Skills:
 + Level 3.4 Fighting
 - Level 2.0 Staves
 + Level 3.4(3.7) Slings
 - Level 2.0(3.0) Throwing
 - Level 1.0 Armour
 + Level 1.6 Invocations
 - Level 1.0 Evocations


You had 4 spell levels left.
You didn't know any spells.
Your spell library was empty.

Dungeon Overview and Level Annotations

Branches:
Dungeon (3/15)

Altars:
Fedhas


Message History

You shoot a sling bullet.
The sling bullet hits the phantom but does no damage.
The phantom is severely damaged.
The phantom hits you.
The phantom blinks!
You blink.
Fire: a) +3 hunting sling
Press: ? - help, Q - select action, (/) - cycle Shift-Dir - straight line, f/p - phantom
Aim: a phantom (severely damaged, 51% to hit)
You shoot a sling bullet.
The sling bullet closely misses the phantom.
The phantom hits you.
* * * LOW HITPOINT WARNING * * *
The phantom hits you.
* * * LOW HITPOINT WARNING * * *
The phantom blinks!
You blink.
Fire: a) +3 hunting sling
Press: ? - help, Q - select action, (/) - cycle Shift-Dir - straight line, f/p - phantom
Aim: a phantom (severely damaged, 51% to hit)
You shoot a sling bullet.
The sling bullet closely misses the phantom.
The phantom hits you.
* * * LOW HITPOINT WARNING * * *
The phantom blinks!
You blink.
Fire: a) +3 hunting sling
Press: ? - help, Q - select action, (/) - cycle Shift-Dir - straight line, f/p - phantom
Aim: a phantom (severely damaged, 51% to hit)
You shoot a sling bullet. The sling bullet hits the phantom!
The phantom is almost destroyed.
The phantom hits you.
* * * LOW HITPOINT WARNING * * *
The phantom blinks!
You blink.
Fire: a) +3 hunting sling
Press: ? - help, Q - select action, (/) - cycle Shift-Dir - straight line, f/p - phantom
Aim: a phantom (almost destroyed, 51% to hit)
You shoot a sling bullet.
The sling bullet closely misses the phantom.
The phantom hits you.
* * * LOW HITPOINT WARNING * * *
The phantom hits you.
You die...
Fedhas appreciates your contribution to the ecosystem.

## ### . ).. .#
#.#.#.# .# #########
#.#.#.# .# #.......#
#.#...# .# #......§#
#.#.#)##.# #.......#
#........# #...§§[.#
#....<...#
#....@W.####.##.#.##
#.......†.......#.#
#.......##.#.####.#
#.#####[##.#.# #.#
#.......##.#.. ..#
###...........# ###
#.###.##.##.#
#...#.##.# .#
#.###........# .#


You could see a phantom.

Vanquished Creatures
  3 adders
  2 worms (D:2)
  5 dart slugs
  2 ball pythons (D:1)
  5 endoplasms
  3 giant cockroaches
  7 goblins
  7 hobgoblins
  2 quokkas
  8 bats
  A frilled lizard (D:1)
  4 kobolds
  8 rats
57 creatures vanquished.

Notes
Turn   | Place    | Note
-------+----------+-------------------------------------------
     0 | D:1      | zishaf the Human Wanderer began the quest for the Orb.
     0 | D:1      | zishaf set off with the following items: a +3 hunting
                  | sling, a +0 quarterstaff, a scroll of fear, a +0 leather
                  | armour
     0 | D:1      | Reached XP level 1. HP: 16/16 MP: 1/1
   313 | D:1      | Reached XP level 2. HP: 23/23 MP: 2/2
   435 | D:1      | Reached XP level 3. HP: 26/28 MP: 3/3
   603 | D:1      | Found a faded altar of an unknown god.
   642 | D:1      | Prayed at the altar of an unknown god.
   642 | D:1      | Became a worshipper of Fedhas Madash
   642 | D:1      | Reached * piety under Fedhas
  1224 | D:2      | HP: 1/29 [worm (10)]
  1228 | D:2      | Reached XP level 4. HP: 1/35 MP: 4/4
  1562 | D:2      | Reached skill level 1 in Invocations
  1761 | D:2      | Reached ** piety under Fedhas
  2230 | D:3      | Reached XP level 5. HP: 41/41 MP: 6/6
  2247 | D:3      | Noticed a phantom
  2268 | D:3      | Slain by a phantom

Illustrated notes

Levels and vault maps discovered:
D:1:      dpeg_arrival_boxorama, layout_basic, ebering_ecumenical_altar_rust
D:2:      layout_rooms
D:3:      layout_loops_cross, tgw_sif, uniq_natasha, uniq_sigmund, uniq_grinder

Skill      XL: |  1  2  3  4 |
---------------+-------------+-----
Fighting       | 3 |  3.4
Slings         | 3 |  3.4
Invocations    | 1 |  1.6
Staves         | |  2.0
Throwing       | |  2.0
Armour         | |  1.0
Evocations     | |  1.0

Action                   |  1- 3 |  4- 6 || total
-------------------------+-------+-------++-------
Melee: Quarterstaff      |     2 |       ||     2
 Fire: Hunting sling     |   113 |    96 ||   209
Armor: Leather armour    |    13 |    18 ||    31
Dodge: Dodged            |    29 |    51 ||    80

Table legend: (Time is in decaauts)
 A = Elapsed time spent in this place.
 B = Non-inter-level travel time spent in this place.
 C = Inter-level travel time spent in this place.
 D = Time resting spent in this place.
 E = Time spent auto-exploring this place.
 F = Levels seen in this place.
 G = Mean time per level.
                   A        B        C        D        E       F      G
               +--------+--------+--------+--------+--------+-----+--------+
         Total |   2345 |   2305 |     40 |      0 |   1891 |   3 |  781.7 |
       Dungeon |   2345 |   2305 |     40 |      0 |   1891 |   3 |  781.7 |
               +--------+--------+--------+--------+--------+-----+--------+

Top non-repeatable levels by time:
     D:2: 1357 daAuts
     D:1: 921 daAuts
     D:3: 65 daAuts
